Map: King's Cove LE

Players

llllllllllll - Winner!

  • Race: Zerg Zerg
  • League: Bronze
  • Spawn Location: 5:00

RanBotMan

  • Race: Zerg Zerg
  • Spawn Location: 11:00

VOD

Have the link to the VOD?

Description

Time

  • Played on: April 24, 2025, 7:39 a.m.
  • Length: 3:47
Show
View Real Time Build Order
Export as new Build Order

llllllllllll Zerg - Winner!

Build Orders: Pool First 

Get SALT Encoding   

  12  0:00  Drone  
  13  0:08  Extractor  
  12  0:25  Spawning Pool  
  11  0:30  Drone  
  12  0:37  Drone  
  13  0:48  Overlord  
  13  1:12  Zergling x6  
  13  1:15  Metabolic Boost  
  16  1:23  Zergling x2  
  17  1:33  Zergling x2  
  18  1:46  Hatchery  
  17  1:50  Zergling x2  
  18  1:56  Zergling x2  
  19  2:07  Zergling x2  
  20  2:16  Overlord  
  20  2:27  Zergling x2  
  21  2:41  Zergling x2  
  22  2:50  Zergling x2  
  20  3:00  Zergling x4  
  20  3:04  Queen x2  
  24  3:11  Zergling x4  
  26  3:22  Zergling x4  
Show
View Real Time Build Order
Export as new Build Order

RanBotMan Zerg 

Build Orders: Hatch First 

Get SALT Encoding   

  12  0:03  Drone  
  13  0:09  Drone  
  14  0:17  Overlord  
  14  0:24  Drone, Extractor  
  15  0:37  Drone x2  
  17  0:55  Hatchery  
  16  0:58  Drone  
  17  1:08  Drone x2  
  19  1:22  Spawning Pool  
  18  1:36  Extractor  
  17  1:41  Overlord  
  17  2:08  Queen  
  17  2:10  Zergling x6  
  17  2:12  Zergling x2  
  25  2:17  Spine Crawler  
  22  2:23  Spine Crawler  
  22  2:25  Zergling x4  
  22  2:43  Zergling x4  
  19  3:05  Drone  
  20  3:17  Drone x5  
  25  3:37  Spine Crawler  
Tags
 
League
Bronze
Matchup
ZvZ
Race
Zerg
Replay Pack
kreditionep1
Spawn Locations
Cross Positions
Add a new tag
Caveats
  • Supply blocks, unpowered buildings, or Contaminate may cause inaccurate times.
  • Supply counts are checked every 10 seconds.